 Dungeon Crawl Stone Soup version 0.28-a0-1567-g1695149f81 (webtiles) character file.

Game seed: 14414153795662528425

270 snackwell the Skirmisher (level 6, 0/44 (51) HPs)
             Began as a Demonspawn Abyssal Knight on Jan 19, 2022.
             Was a Believer of Lugonu.
             Slain by a wight (4 damage)
             ... on level 4 of the Dungeon on Jan 20, 2022.
             The game lasted 00:08:40 (4988 turns).

snackwell the Skirmisher (DsAK)                     Turns: 4988, Time: 00:08:41

HP:   0/44 (51)     AC:  8    Str: 16    XL:     6   Next: 1%
MP:   7/7           EV: 10    Int: 11    God:    Lugonu [**....]
Gold: 865           SH:  0    Dex: 13    Spells: 5/5 levels left

rFire   . . .      SeeInvis .   l - +1 war axe
rCold   . . .      Faith    .   (no shield)
rNeg    . . .      Spirit   .   g - +1 ring mail
rPois   .          Reflect  .   p - +2 hat
rElec   .          Harm     .   (no cloak)
rCorr   .          Rampage  .   (no gloves)
Will    .....                   (no boots)
Stlth   +.........              (no amulet)
HPRegen 0.14/turn               (no ring)
MPRegen 0.10/turn               (no ring)

@: heavily drained
A: demonic touch 2
a: Renounce Religion, Depart the Abyss, Bend Space


You were on level 4 of the Dungeon.
You worshipped Lugonu.
Lugonu was pleased with you.
You visited 1 branch of the dungeon, and saw 4 of its levels.
You visited the Abyss 1 time.

You collected 865 gold pieces.

Inventory:

Hand Weapons
 a - a +1 hand axe
 l - a +1 war axe (weapon)
   (You found it on level 2 of the Dungeon)
 w - a +0 hand crossbow
   (You found it on level 4 of the Dungeon)
Missiles
 c - 4 curare-tipped darts
 i - 4 poisoned darts
 x - 20 bolts
Armour
 b - a +0 leather armour
 g - a +1 ring mail (worn)
   (You found it on level 1 of the Dungeon)
 p - a +2 hat (worn)
   (You found it on level 3 of the Dungeon)
Magical Staves
 y - a staff of air
   (You found it on level 4 of the Dungeon)
Wands
 v - a wand of paralysis (5)
   (You found it on level 3 of the Dungeon)
Scrolls
 j - a scroll of fog
 s - a scroll of teleportation
Potions
 d - a potion of flight {unknown}
 e - 2 potions of curing {unknown}
 k - a potion of degeneration {unknown}
 n - 2 potions of heal wounds {unknown}
 o - a potion of cancellation {unknown}
 t - 2 potions of haste {unknown}
 u - a potion of mutation {unknown}
 z - a potion of magic


   Skills:
 + Level 5.2 Fighting
 + Level 4.2 Axes
 - Level 1.7 Armour
 - Level 0.8 Dodging
 - Level 2.4 Invocations


You had 5 spell levels left.
You didn't know any spells.
Your spell library contained the following spells:

 Spells                   Type           Power      Damage    Failure   Level
 Conjure Flame            Conj/Fire      0%         6-21      89%         3
 Ignite Poison            Fire/Tmut/Pois 0%         N/A       89%         3
 Ozocubu's Armour         Ice            0%         N/A       89%         3
 Sticky Flame             Conj/Fire      0%         2d3       100%        4
 Metabolic Englaciation   Hex/Ice        0%         N/A       100%        5
 Simulacrum               Ice/Necr       0%         N/A       100%        6


Dungeon Overview and Level Annotations

Branches:
Dungeon (4/15)
 Temple: D:4-7

Altars:


Innate Abilities, Weirdness & Mutations

Your touch may inflict irresistible damage on your foes.


Message History

There is an open door here.
Found a stone staircase leading down.
You open the large door.
A goblin, a kobold, a quokka and a wight come into view.
The kobold is wielding a +0 whip and quivering poisoned darts.
The goblin shouts!
The kobold shouts!
Found a whip, 6 gold pieces, a spear and a short sword.
You slash the wight!
The wight is severely damaged.
You barely miss the kobold. The wight hits you with a +0 scimitar.
You feel drained. The kobold closely misses you.
You closely miss the wight.
The wight is severely damaged.
You slash the kobold!
You kill the kobold!
Lugonu accepts your kill. The wight misses you. The quokka barely misses you.
You hit the wight but do no damage.
The wight is severely damaged.
You hit the quokka.
You kill the quokka!
Lugonu accepts your kill. The wight hits you with a +0 scimitar.
You feel drained. The goblin hits you but does no damage.
The wight closely misses you.
You hit the wight but do no damage.
You touch the wight.
The wight is almost destroyed.
You slash the goblin!
You kill the goblin!
Lugonu accepts your kill. The wight hits you with a +0 scimitar!
You hit the wight.
The wight is almost destroyed.
The wight closely misses you.
You barely miss the wight.
The wight is almost destroyed.
The wight hits you with a +0 scimitar!
You feel drained.
* * * LOW HITPOINT WARNING * * *
You closely miss the wight. Your touch misses the wight.
The wight is almost destroyed.
The wight barely misses you. The wight hits you with a +0 scimitar!
* * * LOW HITPOINT WARNING * * *
You feel drained.
* * * LOW HITPOINT WARNING * * *
Unknown command.
You hit the wight but do no damage.
The wight is almost destroyed.
The wight hits you with a +0 scimitar!
* * * LOW HITPOINT WARNING * * *
You feel drained.
You die...

#.#.#.#.##..# #
......#.##..# #
..#.#.#.##..###### #
#.#.#.#..........#
..#...#.#.#++ #.# ###
#.........# ..## #.#
#.......########..######
#.#
.<.....)'.#))..).......>
#.#
##......'.#$)..z@#######
#.#
+......########........
#.# #........#
#...####### #.#
#####..#.#++#.#........
#.# #............######
#.# #...#..#.#........
#># #...#..#.#.#######
####.# #...#..#.#.#
#....# #####..#.#.#
#.####


You could see a wight.

Vanquished Creatures
  A scorpion (D:4)
  An iguana (D:4)
  4 gnolls
  6 adders
  8 dart slugs
  7 endoplasms
  6 giant cockroaches
  4 goblins
  12 hobgoblins
  3 kobolds
  4 quokkas
  3 ball pythons
  3 bats
  2 frilled lizards (D:1)
  12 rats
76 creatures vanquished.

Notes
Turn   | Place    | Note
-------+----------+-------------------------------------------
     0 | Abyss:1  | snackwell the Demonspawn Abyssal Knight began the quest for
                  | the Orb.
     0 | Abyss:1  | Reached XP level 1. HP: 18/18 MP: 2/2
   144 | Abyss:1  | Noticed a worldbinder
   150 | Abyss:1  | Noticed a freezing wraith
   150 | Abyss:1  | Noticed a skeletal warrior
   150 | D:1      | Escaped the Abyss
   257 | D:1      | Reached * piety under Lugonu
   400 | D:1      | Gained mutation: Your touch may inflict minor irresistible
                  | damage on your foes. [demonic ancestry]
   400 | D:1      | Reached XP level 2. HP: 20/24 MP: 3/3
   626 | D:1      | Found a faded altar of an unknown god.
   951 | D:1      | Reached XP level 3. HP: 25/29 MP: 4/4
  1301 | D:2      | HP: 1/30 [poisoned by an adder]
  1684 | D:2      | Reached skill level 4 in Fighting
  1756 | D:2      | Reached ** piety under Lugonu
  1816 | D:2      | Gained mutation: Your touch may inflict irresistible damage
                  | on your foes. [demonic ancestry]
  1816 | D:2      | Reached XP level 4. HP: 23/37 MP: 5/5
  3456 | D:3      | Reached XP level 5. HP: 33/43 MP: 6/6
  3774 | D:3      | You fall into a shaft and drop 1 floor!
  4289 | D:4      | Identified a scroll of acquirement
  4289 | D:4      | Acquired 607 gold pieces
  4673 | D:4      | Reached skill level 5 in Fighting
  4942 | D:4      | Reached XP level 6. HP: 51/51 MP: 7/7
  4988 | D:4      | Slain by a wight

Illustrated notes

Levels and vault maps discovered:
D:1:      psy_arrival_whirlpool, layout_loops_ring,
          shapermc_ecumenical_altar_pompeii, serial_glass, glass_columns_a,
          glass_columns_b
D:2:      layout_loops_cross
D:3:      layout_basic, minmay_fractal_squares_gapless_5
D:4:      layout_basic, tgw_trog, minmay_mini_jars

Skill      XL: |  1  2  3  4  5 |
---------------+----------------+-----
Axes           | 2 3 4 |  4.2
Fighting       | 4 5 |  5.2
Armour         | |  1.7
Dodging        | |  0.8
Invocations    | |  2.4

Action                   |  1- 3 |  4- 6 || total
-------------------------+-------+-------++-------
Melee: Hand axe          |    69 |       ||    69
       Touch             |    14 |    20 ||    34
       War axe           |    17 |    87 ||   104
Throw: Dart              |       |     5 ||     5
Invok: Depart the Abyss  |     1 |       ||     1
  Use: Scroll            |       |     8 ||     8
Armor: Leather armour    |     3 |       ||     3
       Ring mail         |    24 |    31 ||    55
Dodge: Dodged            |    43 |    43 ||    86

Table legend: (Time is in decaauts)
 A = Elapsed time spent in this place.
 B = Non-inter-level travel time spent in this place.
 C = Inter-level travel time spent in this place.
 D = Time resting spent in this place.
 E = Time spent auto-exploring this place.
 F = Levels seen in this place.
 G = Mean time per level.
                   A        B        C        D        E       F      G
               +--------+--------+--------+--------+--------+-----+--------+
         Total |   5039 |   4813 |    226 |   1118 |   2816 |   5 | 1007.8 |
       Dungeon |   4888 |   4662 |    226 |   1118 |   2671 |   4 | 1222.0 |
         Abyss |    151 |    151 |      0 |      0 |    145 |   1 |  151.0 |
               +--------+--------+--------+--------+--------+-----+--------+

Top non-repeatable levels by time:
     D:2: 1775 daAuts
     D:3: 1147 daAuts
     D:4: 1024 daAuts
     D:1: 941 daAuts
 Abyss:1: 151 daAuts
